 Dungeon Crawl Stone Soup version 0.24.0-10-g970556be89 (console) character file.

Game seed: 11775043929789549766, levelgen mode: deterministic

69 AlterAsc the Insei (level 4, -2/25 HPs)
             Began as a Tengu Transmuter on Nov 3, 2019.
             Slain by a worker ant (5 damage)
             ... on level 3 of the Dungeon.
             The game lasted 00:03:29 (2151 turns).

AlterAsc the Insei (Tengu Transmuter)               Turns: 2151, Time: 00:03:29

Health: -2/25      AC:  2    Str: 11    XL:     4   Next: 20%
Magic:  7/8        EV: 13    Int: 13    God:
Gold:   49         SH:  0    Dex: 15    Spells: 7/8 levels left

rFire    . . .     SeeInvis .     - Unarmed
rCold    . . .     Gourm    .   (no shield)
rNeg     . . .     Faith    .   b - +0 robe
rPois    .         Spirit   .   (helmet restricted)
rElec    .         Reflect  .   f - scarf {repulsion}
rCorr    +         Harm     .   (no gloves)
MR       .....                  (boots unavailable)
Stlth    +.........             (no amulet)
HPRegen  0.08/turn              j - ring of resist corrosion
MPRegen  0.11/turn              (no ring)

@: lethally poisoned (-2 -> -10), appendage (expiring), repel missiles
A: beak, horns 2, talons 3
a: End Transformation


You were on level 3 of the Dungeon.
You were not hungry.
You had grown temporary horns.
You visited 1 branch of the dungeon, and saw 3 of its levels.

You collected 49 gold pieces.

Inventory:

Missiles
 a - 12 arrows
Armour
 b - a +0 robe (worn)
 f - a scarf of repulsion (worn)
Jewellery
 j - a ring of resist corrosion (left hand)
Scrolls
 e - 3 scrolls of identify {unknown}
 h - a scroll of fear {unknown}
 m - 2 scrolls of immolation {unknown}
 o - a scroll of amnesia {unknown}
 p - a scroll of teleportation {unknown}
 q - a scroll of noise {unknown}
Potions
 c - a potion of resistance {unknown}
 g - a potion of cancellation {unknown}
 i - a potion of brilliance {unknown}
 k - a potion of mutation {unknown}
 l - a potion of curing {unknown}
Comestibles
 d - a ration
 n - a chunk of flesh


   Skills:
 + Level 1.5 Fighting
 + Level 2.6 Dodging
 * Level 3.9 Unarmed Combat
 * Level 2.6 Spellcasting
 * Level 2.1 Transmutations


You had 7 spell levels left.
You knew the following spells:

 Your Spells              Type           Power        Failure   Level  Hunger
a - Beastly Appendage     Tmut           #.....       10%         1    #......

Your spell library contained the following spells:

 Spells                   Type           Power        Failure   Level  Hunger
 Sticks to Snakes         Tmut           #.......     16%         2    ###....
 Spider Form              Tmut/Pois      #.........   43%         3    ###....
 Ice Form                 Ice/Tmut       #.......     83%         4    #####..
 Blade Hands              Tmut           #.........   95%         5    ######.


Dungeon Overview and Level Annotations

Branches:
Dungeon (3/15)

Altars:
Ashenzari
Xom


Innate Abilities, Weirdness & Mutations

You have a beak for a mouth.
You have claws for feet.
You have a pair of horns on your head.


Message History

The worker ant twitches its antennae in your direction.
Casting: Beastly Appendage (safe; 10% risk of failure)
Confirm with . or Enter, or press ? or * to list all spells.
You grow a pair of large bovine horns.
You barely miss the worker ant. The worker ant bites you.
You barely miss the worker ant. The worker ant bites you!
You hit the worker ant but do no damage.
Your kick misses the worker ant. Your headbutt misses the worker ant.
Your transformation is almost over.
The worker ant closely misses you.
You closely miss the worker ant. The worker ant bites you!
You are lethally poisoned!
The worker ant poisons you! The worker ant bites you.
* * * LOW HITPOINT WARNING * * *
You hit the worker ant but do no damage.
Your headbutt misses the worker ant. You peck the worker ant.
The worker ant is lightly wounded.
* * * LOW HITPOINT WARNING * * *
You feel sick. The worker ant bites you.
You die...

#.#.# #.#####.###
#.#.# #..........
#.#.##########.###
#.#....).......#
####.##############
#......# #......#
#......# #...@..#
#...a..# #......#
#......# ####.###
#.# #.# #.#


You could see a worker ant.

Vanquished Creatures
  Jessica (D:2)
  An adder (D:2)
  An ooze (D:1)
  A worm (D:3)
  A leopard gecko (D:2)
  2 giant cockroaches
  4 goblins
  3 hobgoblins
  4 kobolds
  6 bats
  A frilled lizard (D:1)
  3 rats
28 creatures vanquished.

Notes
Turn   | Place    | Note
-------+----------+-------------------------------------------
     0 | D:1      | AlterAsc the Tengu Transmuter began the quest for the Orb.
     0 | D:1      | Reached XP level 1. HP: 12/12 MP: 4/4
    44 | D:1      | Found a shattered altar of Ashenzari.
   304 | D:1      | Reached XP level 2. HP: 9/16 MP: 4/6
   926 | D:2      | Reached XP level 3. HP: 1/20 MP: 7/7
  1515 | D:2      | Found a shimmering altar of Xom.
  1559 | D:2      | Noticed Jessica
  1569 | D:2      | Killed Jessica
  1569 | D:2      | Reached XP level 4. HP: 21/25 MP: 6/8
  2151 | D:3      | Slain by a worker ant

Levels and vault maps discovered:
D:1:      psy_arrival_statuary, layout_loops_ring, evilmike_ruin_ashenzari
D:2:      layout_loops_ring, old_standard_altar, hangedman_abyss_or_decor_stabs,
          uniq_jessica
D:3:      layout_basic, cheibrodos_sewer_entry_drain, minivault_4, minivault_24

Skill      XL: |  1  2  3 |
---------------+----------+-----
Transmutations | 2 |  2.1
Fighting       | |  1.5
Dodging        | |  2.6
Unarmed Combat | |  3.9
Spellcasting   | |  2.6

Action                   |  1- 3 |  4- 6 || total
-------------------------+-------+-------++-------
Melee: Unarmed           |    65 |    15 ||    80
       Kick              |    12 |     4 ||    16
       Headbutt          |     6 |     1 ||     7
       Peck              |     5 |     3 ||     8
       Punch             |     1 |       ||     1
 Cast: Beastly Appendage |    22 |     5 ||    27
  Eat: Chunk             |     2 |     2 ||     4
Armor: Robe              |    10 |     1 ||    11
Dodge: Dodged            |    42 |     5 ||    47
       Deflected         |     3 |       ||     3
